 Dungeon Crawl Stone Soup version 0.28-a0-834-g1a73be5ee4 (webtiles) character file.

Game seed: 17766050044276793311

783 kfbqr the Vexing (level 7, 0/32 HPs)
             Began as a Spriggan Enchanter on Nov 11, 2021.
             Slain by an ogre (32 damage)
             ... on level 5 of the Dungeon.
             The game lasted 00:08:47 (3929 turns).

kfbqr the Vexing (Spriggan Enchanter)               Turns: 3929, Time: 00:08:47

Health: 0/32       AC:  4    Str:  6    XL:     7   Next: 55%
Magic:  27/27      EV: 17    Int: 16    God:
Gold:   150        SH:  0    Dex: 16    Spells: 11/19 levels left

rFire   . . .      SeeInvis +   r - +1 dagger (drain)
rCold   . . .      Faith    .   (shield restricted)
rNeg    . . .      Spirit   .   b - +0 robe
rPois   .          Reflect  .   q - +2 hat
rElec   .          Harm     .   (no cloak)
rCorr   .          Rampage  .   (gloves unavailable)
Will    +....                   (boots unavailable)
Stlth   ++++......              j - amulet of regeneration
HPRegen 1.10/turn               l - ring of magical power
MPRegen 0.20/turn               (no ring)

@: very quick
A: very small, no large weapons, unfitting armour, see invisible, speed 3
a: no special abilities


You were on level 5 of the Dungeon.
You visited 2 branches of the dungeon, and saw 6 of its levels.

You collected 180 gold pieces.
You spent 30 gold pieces at shops.

Inventory:

Hand Weapons
 a - a +1 dagger
 r - a +1 dagger of draining (weapon)
Missiles
 m - 20 poisoned darts (quivered)
Armour
 b - a +0 robe (worn)
 q - a +2 hat (worn)
Jewellery
 j - an amulet of regeneration (around neck)
 l - a ring of magical power (left hand)
Wands
 n - a wand of polymorph (20)
 p - a wand of charming (4)
Scrolls
 g - a scroll of fear
Potions
 c - a potion of invisibility
 d - a potion of ambrosia
 e - 3 potions of might
 f - 3 potions of curing
 h - a potion of berserk rage {unknown}
 i - 2 potions of flight {unknown}
 k - 2 potions of magic {unknown}
 o - 2 potions of lignification {unknown}
 s - a potion of haste {unknown}
 t - a potion of heal wounds


   Skills:
 - Level 1.1 Short Blades
 - Level 2.6 Dodging
 + Level 7.4 Stealth
 + Level 6.9 Spellcasting
 + Level 7.4 Hexes


You had 11 spell levels left.
You knew the following spells:

 Your Spells              Type           Power      Damage    Failure   Level
a - Ensorcelled Hibernat  Hex/Ice        34%        N/A       4%          2
b - Tukima's Dance        Hex            29%        N/A       1%          3
c - Dazzling Flash        Conj/Hex       34%        N/A       9%          3

Your spell library contained the following spells:

 Spells                   Type           Power      Damage    Failure   Level
 Confusing Touch          Hex            29%        N/A       1%          3
 Summon Guardian Golem    Hex/Summ       17%        N/A       9%          3
 Apportation              Tloc           10%        N/A       13%         1
 Summon Small Mammal      Summ           20%        N/A       13%         1
 Call Canine Familiar     Summ           5%         N/A       36%         3
 Conjure Flame            Conj/Fire      5%         6-21      36%         3
 Ignite Poison            Fire/Tmut/Pois 5%         N/A       36%         3
 Spider Form              Tmut/Pois      5%         N/A       36%         3
 Silence                  Hex/Air        8%         N/A       58%         5
 Passage of Golubria      Tloc           5%         N/A       77%         4
 Sticky Flame             Conj/Fire      5%         2d3       77%         4
 Alistair's Intoxication  Tmut/Pois      3%         N/A       98%         5
 Lehudib's Crystal Spear  Conj/Erth      2%         10d2      100%        8


Dungeon Overview and Level Annotations

Branches:
Dungeon (5/15)             Temple (1/1) D:4

Altars:
Ashenzari
Kikubaaqudgha
Nemelex Xobeh
Okawaru
Qazlal
Ru
Sif Muna
Trog
Vehumet
Wu Jian
Xom
Yredelemnul

Shops:
D:1 !   D:2 [

Annotations:
D:5 2 runed translucent doors


Innate Abilities, Weirdness & Mutations

You are very small and have problems with some larger weapons.
You are too small for most types of armour.
You have supernaturally acute eyesight. (SInv)
You cover ground extremely quickly. (Speed+++)


Message History

Casting: Ensorcelled Hibernation (safe; 4% risk of failure)
Confirm with . or Enter, or press ? or * to list all spells.
Aiming: Ensorcelled Hibernation (safe; 4% risk of failure)
Press: ? - help, Shift-Dir - straight line, f - orc
Aim: an orc, wielding a +0 dagger, wearing a +0 scale mail and quivering boomerangs (chance to affect: 65%)
The orc looks drowsy...
The helpless orc fails to defend itself.
You impale the orc!!
You kill the orc!
Items here: ( ))) [[ †††.
HP restored.
Things that are here:
a +0 hand axe; a +0 ring mail; an orc corpse
Found a morningstar.
You see here a +0 morningstar.
A worm comes into view.
A black bear comes into view.
An ogre comes into view. It is wielding a +0 giant spiked club.
The ogre shouts!
The black bear growls angrily.
The black bear bites you.
The black bear claws you but does no damage.
The black bear misses you.
You hit the black bear but do no damage.
You drain the black bear.
The black bear is lightly wounded.
The worm bites you but does no damage. The black bear misses you.
The black bear claws you but does no damage.
The black bear barely misses you.
You hit the black bear but do no damage.
You drain the black bear.
The black bear is moderately wounded.
The black bear misses you.
The black bear claws you but does no damage.
The black bear completely misses you. The worm bites you but does no damage.
Unknown command.
You hit the ogre.
The ogre is lightly wounded.
The ogre hits you with a +0 giant spiked club!!
Ouch! That really hurt!
You die...

#...#..+.. .......
##...#.#### #.......#
#..>.8+8# #.......#
#.......# ##.......#
#.......######........#
#.........)...........#
#.....##.####.........#
#........# #...O.....#
#.....#### #...@.....#
#.....# #...hw....#
#...... +.........#
###+#.# #.........# #.#
#######+###


You could see a black bear (drained), an ogre and a worm.

Vanquished Creatures
  Menkaure (D:4)
  Edmund (D:4)
  A black bear (D:4)
  A necrophage (D:4)
  2 jellies (D:4)
  An orc priest (D:5)
  A centaur skeleton (D:4)
  3 orc wizards
  2 iguanas
  A hound skeleton (D:4)
  An adder (D:3)
  A worm (D:2)
  19 orcs
  8 ball pythons
  An endoplasm (D:4)
  A giant cockroach (D:4)
  7 goblins
  5 hobgoblins
  3 jackals (D:2)
  2 quokkas (D:2)
  5 bats
  5 frilled lizards
  6 kobolds
  5 rats
83 creatures vanquished.

Vanquished Creatures (collateral kills)
  A kobold (D:4)
1 creature vanquished.

Vanquished Creatures (others)
  A dancing weapon (D:5)
1 creature vanquished.

Grand Total: 85 creatures vanquished

Notes
Turn   | Place    | Note
-------+----------+-------------------------------------------
     0 | D:1      | kfbqr the Spriggan Enchanter began the quest for the Orb.
     0 | D:1      | Reached XP level 1. HP: 9/9 MP: 5/5
   233 | D:1      | Found Innutuq's Distillery.
   237 | D:1      | Bought a potion of curing for 30 gold pieces
   248 | D:1      | Found a faded altar of an unknown god.
   311 | D:1      | Reached XP level 2. HP: 13/13 MP: 7/7
   314 | D:1      | Learned a level 2 spell: Ensorcelled Hibernation
  1059 | D:2      | Reached XP level 3. HP: 8/16 MP: 3/9
  1063 | D:2      | Learned a level 3 spell: Tukima's Dance
  1067 | D:2      | Learned a level 3 spell: Dazzling Flash
  1388 | D:2      | Found Acogh's Antique Armour Shop.
  1850 | D:3      | Found a radiant altar of Vehumet.
  1882 | D:3      | Found an ornate altar of the Wu Jian Council.
  2154 | D:4      | Noticed Edmund
  2172 | D:4      | Killed Edmund
  2173 | D:4      | Reached skill level 5 in Spellcasting
  2173 | D:4      | Reached skill level 5 in Hexes
  2173 | D:4      | Reached XP level 4. HP: 21/21 MP: 8/12
  2173 | D:4      | Reached XP level 5. HP: 24/24 MP: 8/13
  2271 | D:4      | Found a staircase to the Ecumenical Temple.
  2313 | Temple   | Entered the Ecumenical Temple
  2660 | D:4      | Reached skill level 5 in Stealth
  2687 | D:4      | Noticed a black bear
  2743 | D:4      | Killed a black bear
  2744 | D:4      | Reached XP level 6. HP: 21/28 MP: 10/15
  3115 | D:4      | HP: 1/22 [necrophage (7)]
  3262 | D:4      | Reached XP level 7. HP: 32/32 MP: 17/17
  3307 | D:4      | Noticed Menkaure
  3320 | D:4      | Killed Menkaure
  3355 | D:4      | Found a shimmering blue altar of Sif Muna.
  3596 | D:5      | Entered Level 5 of the Dungeon
  3778 | D:5      | Identified the +0 long sword "Goblinslayer" {venom, rC+
                  | rCorr Dex-5}
  3808 | D:5      | Found a large runed translucent door.
  3809 | D:5      | Found a large runed translucent door.
  3929 | D:5      | Slain by an ogre

Illustrated notes

Levels and vault maps discovered:
D:1:      nicolae_arrival_memento_mori, layout_loops_ring,
          dreamdust_ecumenical_altar_statues, serial_shops,
          nicolae_shop_behind_doors
D:2:      layout_rooms, serial_shops, shop, amethyst_killhole,
          minmay_tetromino_i2
D:3:      layout_basic, nicolae_vehumet_radiance,
          pdpol_wu_jian_five_deadly_venoms
D:4:      layout_basic, mainiacjoe_overflow_surrounded_room, temple_statues,
          uniq_menkaure, uniq_edmund
D:5:      layout_basic, jmf_multi_god_temple2, uniq_blork_the_orc, uniq_sigmund
Temple:   jpeg_temple_island

Skill      XL: |  1  2  3  4  5  6  7 |
---------------+----------------------+-----
Spellcasting   | 3 5 6 |  6.9
Hexes          | 4 5 6 7 |  7.4
Stealth        | 5 6 7 |  7.4
Short Blades   | |  1.1
Dodging        | |  2.6

Action                   |  1- 3 |  4- 6 |  7- 9 || total
-------------------------+-------+-------+-------++-------
Melee: Dagger            |   157 |   119 |    75 ||   351
 Cast: Ensorcelled Hiber |    15 |    12 |     8 ||    35
       Tukima's Dance    |     2 |     1 |     1 ||     4
  Use: Scroll            |     5 |     1 |     2 ||     8
       Potion            |       |     1 |     1 ||     2
 Stab: Sleeping          |    20 |     8 |    10 ||    38
       Distracted        |     1 |       |     1 ||     2
Armor: Robe              |    16 |    20 |    14 ||    50
Dodge: Dodged            |   129 |    97 |    63 ||   289

Table legend: (Time is in decaauts)
 A = Elapsed time spent in this place.
 B = Non-inter-level travel time spent in this place.
 C = Inter-level travel time spent in this place.
 D = Time resting spent in this place.
 E = Time spent auto-exploring this place.
 F = Levels seen in this place.
 G = Mean time per level.
                   A        B        C        D        E       F      G
               +--------+--------+--------+--------+--------+-----+--------+
         Total |   2940 |   2874 |     66 |    358 |   1747 |   6 |  490.0 |
       Dungeon |   2722 |   2673 |     49 |    358 |   1553 |   5 |  544.4 |
        Temple |    218 |    201 |     17 |      0 |    193 |   1 |  218.0 |
               +--------+--------+--------+--------+--------+-----+--------+

Top non-repeatable levels by time:
     D:4: 842 daAuts
     D:1: 619 daAuts
     D:2: 569 daAuts
     D:3: 442 daAuts
     D:5: 248 daAuts
  Temple: 218 daAuts
